AoeStats
← 海峡

Marketplace

504501540Analyzed
1v1 RM · 28d ago on Sep 5, 2026· 24m 26s· 2 players
Game mode
Random Map
Map size
Tiny (2 player)
Population
200
Speed
Normal
Resources
Standard
Victory
Conquest
Starting age
Dark Age
Ending age
Imperial Age
RankedLock teamsTeams togetherTeam positionsShared explorationLock speedFull tech treeHidden civsTurbo modeCheats
Victory
Defeat
🇨🇳 Inca · China
1793
+16
🇰🇷 Lithuanians · South Korea
1789
-16
seabook
5:56 Loom
8:51 Feudal Age
9:36 Double-Bit Axe
12:29 Fletching
17:11 Horse Collar
24:06 Castle Age
22:39 Padded Archer Armor
23:10 Gold Mining
24:44 Bodkin Arrow
海峡
9:06 Feudal Age
8:03 Loom
9:28 Champi Runner
10:30 Double-Bit Axe
13:07 Scale Mail Armor
16:51 Forging
16:50 Horse Collar
22:09 Castle Age
22:20 Champi Warrior
23:00 Squires
22:46 Arson
23:45 Iron Casting
24:26 Chain Mail Armor
Connection lost

Rejoining the realm…

Still unreachable

The connection could not be restored.

Session expired

The server has moved on; the page needs a fresh start.